 Dungeon Sprint DCSS version bcrawl-1.27.1d (webtiles) character file.

Game seed: 1400750430552512380

602501 Freyura the Cudgeler (level 6, -13/57 HPs)
             Began as a Draconian Skald on July 24, 2020.
             Was a Priest of the Shining One.
             Mangled by a white ugly thing (22 damage)
             ... in the Dungeon (Sprint IX: "|||||||||||||||||||||||||||||").
             The game lasted 00:03:18 (229 turns).

Freyura the Cudgeler (Draconian Skald)               Turns: 229, Time: 00:03:19

Health: -13/57     AC: 10    Str: 14    XL:     6   Next: 30%
Magic:  6/13       EV: 15    Int: 13    God:    the Shining One [***...]
Gold:   0          SH:  2    Dex: 15    Spells: 12/15 levels left

rFire    . . .     SeeInvis .   l - +2 dire flail (holy)
rCold    . . .     Gourm    .   (shield currently unavailable)
rNeg     + . .     Faith    .   (armour unavailable)
rPois    .         Spirit   .   (helmet restricted)
rElec    .         Reflect  .   a - +0 cloak
rCorr    .         Harm     .   m - +0 pair of gloves
MR       .....     NoTele   +   (no boots)
Stlth    +.........             (no amulet)
HPRegen  0.19/turn              n - +3 ring of dexterity
MPRegen  0.13/turn              o - +2 ring of protection

@: infused, singing, very slightly contaminated, slowed, glowing, very slow
A: unfitting armour, cold-blooded, AC +6
a: Divine Shield, Renounce Religion


You were in the Dungeon.
You worshipped the Shining One.
The Shining One was most pleased with you.
You were not hungry.

You visited 1 branch

Inventory:

Hand Weapons
 l - a +2 dire flail of holy wrath (weapon)
Armour
 a - a +0 cloak (worn)
 m - a +0 pair of gloves (worn)
Jewellery
 n - a +3 ring of dexterity (left hand)
 o - a +2 ring of protection (right hand)
Wands
 k - a wand of acid (10)
Scrolls
 b - 3 scrolls of remove curse
 c - a scroll of fear
 i - 2 scrolls of amnesia
 j - 2 scrolls of blinking
Potions
 d - 5 potions of curing
 f - 3 potions of heal wounds
 g - a potion of haste
 h - 4 potions of magic
Comestibles
 e - a ration {!d}


   Skills:
 + Level 6.2 Fighting
 * Level 7.7 Maces & Flails
 + Level 5.2 Dodging
 + Level 5.1 Spellcasting
 + Level 5.4 Charms
 + Level 4.0 Invocations


You had 12 spell levels left.
You knew the following spells:

 Your Spells              Type           Power        Failure   Level  Hunger
a - Infusion              Chrm           ###.....     1%          1    None
b - Song of Slaying       Chrm           ###.....     3%          2    None

Your spell library contained the following spells:

 Spells                   Type           Power        Failure   Level  Hunger
 Ozocubu's Armour         Chrm/Ice       ##......     19%         3    ###....
 Regeneration             Chrm/Necr      ##........   19%         3    ###....
 Spectral Weapon          Hex/Chrm       ##......     19%         3    ###....


Dungeon Overview and Level Annotations

Branches:
Dungeon (1/1)

Altars:
Cheibriados
Dithmenos
Elyvilon
Fedhas
Gozag
Hepliaklqana
Kikubaaqudgha
Lugonu
Makhleb
Nemelex Xobeh
Okawaru
Qazlal
Ru
Sif Muna
Trog
Uskayaw
Vehumet
Wu Jian
Xom
Yredelemnul
Zin
The Shining One
Beogh
Jiyva


Innate Abilities, Weirdness & Mutations

Your plain brown scales are hard. (AC +6)
You cannot fit into any form of body armour.
You are cold-blooded and may be slowed by cold attacks.


Message History

The white ugly thing is moderately wounded.
You feel yourself speed up. The crimson imp completely misses you.
The white ugly thing closely misses you.
The crimson imp misses you.
You hit the white ugly thing. You tail-slap the white ugly thing.
The white ugly thing is heavily wounded.
The white ugly thing barely misses you.
You completely miss the white ugly thing.
You tail-slap the white ugly thing.
The white ugly thing is heavily wounded.
The shadow imp puffs mist at you. You block the crimson imp's attack.
The white ugly thing gores you but does no damage.
You hit the white ugly thing but do no damage.
The white ugly thing is heavily wounded.
The crimson imp blinks!
The white ugly thing gores you!
* * * LOW HITPOINT WARNING * * *
The white ugly thing freezes you!!
You feel yourself slow down.
You die...

▓.▓
▓.▓
▓'▓
▓)▓
▓.▓
▓.▓
▓.▓
▓5▓
▓@▓
▓u▓
▓G▓
▓5▓
▓l▓
▓Z▓
▓.▓
▓.▓


You could see a white ugly thing, an eye of draining, an iguana, a crimson imp,
a shadow imp and a quokka zombie.

Vanquished Creatures
  An ice beast (D)
  An ogre (D)
  A big kobold (D)
  A scorpion (D)
  A worker ant (D)
  An adder (D)
  An ooze (D)
  An adder zombie (D)
  A bat skeleton (D)
  3 goblins (D)
  A frilled lizard (D)
  A jackal skeleton (D)
  A quokka skeleton (D)
  A rat (D)
16 creatures vanquished.

Notes
Turn   | Place    | Note
-------+----------+-------------------------------------------
     0 | D        | Freyura the Draconian Skald began the quest for the Orb.
     0 | D        | Reached XP level 1. HP: 17/17 MP: 3/3
    85 | D        | Noticed an ogre
    89 | D        | Reached skill level 3 in Maces & Flails
    89 | D        | Reached XP level 2. HP: 25/25 MP: 0/5
    93 | D        | Killed an ogre
    93 | D        | Reached skill level 5 in Maces & Flails
    93 | D        | Reached XP level 3. HP: 34/34 MP: 0/8
    93 | D        | Reached XP level 4. HP: 41/41 MP: 0/9
   107 | D        | Found a roughly hewn altar of Beogh.
   107 | D        | Found a snail-covered altar of Cheibriados.
   107 | D        | Found a shadowy altar of Dithmenos.
   107 | D        | Found a white marble altar of Elyvilon.
   107 | D        | Found a blossoming altar of Fedhas.
   107 | D        | Found an opulent altar of Gozag.
   108 | D        | Found a hazy altar of Hepliaklqana.
   109 | D        | Found a viscous altar of Jiyva.
   110 | D        | Found an ancient bone altar of Kikubaaqudgha.
   111 | D        | Found a corrupted altar of Lugonu.
   112 | D        | Found a burning altar of Makhleb.
   113 | D        | Found a sparkling altar of Nemelex Xobeh.
   114 | D        | Found an iron altar of Okawaru.
   115 | D        | Found a stormy altar of Qazlal.
   116 | D        | Found a sacrificial altar of Ru.
   117 | D        | Found a shimmering blue altar of Sif Muna.
   118 | D        | Found a bloodstained altar of Trog.
   119 | D        | Found a hide-covered altar of Uskayaw.
   120 | D        | Found a radiant altar of Vehumet.
   121 | D        | Found an ornate altar of the Wu Jian Council.
   122 | D        | Found a shimmering altar of Xom.
   123 | D        | Found a basalt altar of Yredelemnul.
   124 | D        | Found a glowing silver altar of Zin.
   125 | D        | Found a glowing golden altar of the Shining One.
   133 | D        | Became a worshipper of the Shining One
   167 | D        | Noticed a big kobold
   167 | D        | Noticed an ice beast
   167 | D        | Reached * piety under the Shining One
   171 | D        | Killed a big kobold
   171 | D        | Reached skill level 5 in Fighting
   171 | D        | Reached skill level 6 in Maces & Flails
   171 | D        | Reached XP level 5. HP: 48/48 MP: 9/11
   176 | D        | Killed an ice beast
   176 | D        | Reached skill level 7 in Maces & Flails
   176 | D        | Reached skill level 5 in Charms
   178 | D        | Reached XP level 6. HP: 47/57 MP: 9/13
   180 | D        | Reached skill level 5 in Dodging
   184 | D        | Reached skill level 5 in Spellcasting
   220 | D        | Learned a level 2 spell: Song of Slaying
   223 | D        | Noticed a white ugly thing
   223 | D        | Reached ** piety under the Shining One
   223 | D        | Reached *** piety under the Shining One
   229 | D        | Mangled by a white ugly thing

Skill      XL: |  1  2  3  4  5  6 |
---------------+-------------------+-----
Charms         | 3 4 5 |  5.4
Maces & Flails | 3 5 6 7 |  7.7
Fighting       | 4 5 6 |  6.2
Dodging        | 3 4 5 |  5.2
Spellcasting   | 3 4 5 |  5.1
Invocations    | 2 3 4 |  4.0

Action                   |  1- 3 |  4- 6 || total
-------------------------+-------+-------++-------
Melee: Mace              |    27 |     9 ||    36
       Tailslap          |     2 |    10 ||    12
       Dire flail        |       |    24 ||    24
 Cast: Infusion          |     1 |     1 ||     2
       Song of Slaying   |       |     1 ||     1
  Use: Potion            |     1 |       ||     1
Armor: Skin              |     7 |     7 ||    14
Dodge: Dodged            |    11 |    28 ||    39
Block: Other             |       |     1 ||     1
